 Dungeon Crawl Stone Soup version 0.28.0-1-gb440e238dd (webtiles) character file.

Game seed: 8224347746671894484

3 mortz the Vexing (level 1, 0/10 HPs)
             Began as a Deep Elf Enchanter on Feb 27, 2022.
             Slain by a kobold (3 damage)
             ... on level 1 of the Dungeon.
             The game lasted 00:02:12 (256 turns).

mortz the Vexing (Deep Elf Enchanter)                Turns: 256, Time: 00:02:13

Health: 0/10       AC:  2    Str:  5    XL:     1   Next: 41%
Magic:  6/6        EV: 12    Int: 19    God:
Gold:   0          SH:  0    Dex: 15    Spells: 6/6 levels left

rFire   . . .      SeeInvis .   a - +1 dagger {short}
rCold   . . .      Faith    .   (no shield)
rNeg    . . .      Spirit   .   b - +0 robe
rPois   .          Reflect  .   (no helmet)
rElec   .          Harm     .   (no cloak)
rCorr   .          Rampage  .   (no gloves)
Will    .....                   (no boots)
Stlth   +++.......              (no amulet)
HPRegen 0.03/turn               (no ring)
MPRegen 0.10/turn               (no ring)

@: no status effects
A: no striking features
a: no special abilities


You were on level 1 of the Dungeon.
You visited 1 branch of the dungeon, and saw 1 of its levels.


   Skills:
 + Level 1.0 Short Blades
 + Level 2.4 Dodging
 + Level 3.8 Stealth
 + Level 3.0 Spellcasting
 + Level 4.1 Hexes


You had 6 spell levels left.
You didn't know any spells.
Your spell library contained the following spells:

 Spells                   Type           Power      Damage    Failure   Level
 Confusing Touch          Hex            18%        N/A       9%          3
 Tukima's Dance           Hex            18%        N/A       9%          3
 Ensorcelled Hibernation  Hex/Ice        20%        N/A       10%         2
 Dazzling Flash           Conj/Hex       20%        N/A       21%         3

Inventory:

Hand Weapons
 a - a +1 dagger (weapon) {short}
Missiles
 d - 8 arrows
Armour
 b - a +0 robe (worn)
Potions
 c - a potion of invisibility

Dungeon Overview and Level Annotations

Branches:
Dungeon (1/15)

Altars:

..#
###....###..###.
.##### #.####
#.## ## (....
#.#.# #.#####
..... #...#
#...... .....
###.# #.##### .
... ##.####.# .
..## #.......#
#.##K###.#.#####
####.#@.(##...#
......b.(.(##.##
.###.......(#.#
........((##.#
###..#(..###.#
#..#.......#
....#########
####.


You could see a bat and a kobold.


Message History

Throw: 8 stones {throwing}
Press: ? - help, Q - select action Shift-Dir - straight line, f/p - bat
Aim: a bat (42% to hit)
You throw a stone {throwing}.
The stone {throwing} hits the bat but does no damage.
The bat hits you but does no damage.
Throw: 7 stones {throwing}
Press: ? - help, Q - select action Shift-Dir - straight line, f/p - bat
Aim: a bat (42% to hit)
You throw a stone {throwing}.
The stone {throwing} hits the bat but does no damage.
The bat misses you.
Throw: 6 stones {throwing}
Press: ? - help, Q - select action Shift-Dir - straight line, f/p - bat
Aim: a bat (42% to hit)
You throw a stone {throwing}. The stone {throwing} hits the bat.
The bat barely misses you.
Throw: 5 stones {throwing}
Press: ? - help, Q - select action Shift-Dir - straight line, f/p - bat
Aim: a bat (moderately wounded, 42% to hit)
You throw a stone {throwing}.
The stone {throwing} closely misses the bat.
The bat barely misses you. The bat hits you but does no damage.
The bat barely misses you.
Throw: 4 stones {throwing}
Press: ? - help, Q - select action Shift-Dir - straight line, f/p - bat
Aim: a bat (42% to hit)
You throw a stone {throwing}. The stone {throwing} misses the bat.
The bat hits you. 😮 HP[-1]
You take 1 damage, and now have 7/10 hp.
You hit the bat. The bat misses you.
Throw: 3 stones {throwing}
Press: ? - help, Q - select action Shift-Dir - straight line, f/p - bat
Aim: a bat (moderately wounded, 42% to hit)
You throw a stone {throwing}.
The stone {throwing} hits the bat but does no damage.
The bat hits you. 😮 HP[-1]
You take 1 damage, and now have 6/10 hp.
You closely miss the bat. The bat closely misses you.
Throw: 2 stones {throwing}
Press: ? - help, Q - select action Shift-Dir - straight line, f/p - bat
Aim: a bat (42% to hit)
You throw a stone {throwing}. The stone {throwing} misses the bat.
The bat hits you but does no damage. 😮 HP[+1]
You hit the bat but do no damage. The bat hits you but does no damage.
You barely miss the bat. The bat closely misses you.
You are too injured to fight recklessly!
You closely miss the bat. The bat hits you but does no damage.
Throw: stone {throwing}
Press: ? - help, Q - select action Shift-Dir - straight line, f/p - bat
Aim: a bat (42% to hit)
You throw a stone {throwing}.
The stone {throwing} barely misses the bat.
The bat closely misses you.
You closely miss the bat. The bat barely misses you.
You hit the bat. The bat barely misses you. The bat hits you. 😮 HP[-1]
You take 1 damage, and now have 6/10 hp.
You barely miss the bat. The bat hits you but does no damage.
The bat barely misses you. The bat hits you but does no damage.
You hit the bat. The bat hits you but does no damage.
The bat barely misses you.
You see here 2 stones {throwing}.
You barely miss the bat. The bat misses you.
You closely miss the bat. The bat closely misses you.
A kobold comes into view. It is wielding a +0 dagger.
The kobold shouts!
The bat misses you.
The kobold moves out of view.
The bat hits you but does no damage.
e - a stone {throwing} The bat closely misses you.
The bat hits you.
* * * LOW HITPOINT WARNING * * *
😨 HP[-1]
You take 1 damage, and now have 5/10 hp.
You hit the bat. The bat hits you but does no damage.
The bat barely misses you.
You barely miss the bat. The bat hits you but does no damage. x2
You miss the bat. The bat hits you but does no damage.
You hit the bat but do no damage. The bat hits you.
* * * LOW HITPOINT WARNING * * *
😨 HP[-1]
You take 1 damage, and now have 4/10 hp.
Throw: stone {throwing}
Press: ? - help, Q - select action Shift-Dir - straight line, f/p - bat
Aim: a bat (heavily wounded, 42% to hit)
You throw a stone {throwing}. The stone {throwing} hits the bat.
The bat hits you.
* * * LOW HITPOINT WARNING * * *
😨 HP[-1]
You take 1 damage, and now have 3/10 hp.
You barely miss the kobold. The kobold hits you but does no damage.
The bat barely misses you.
You hit the kobold but do no damage. The bat closely misses you.
The kobold hits you but does no damage.
You hit the kobold. The bat barely misses you.
The kobold hits you with a +0 dagger.
You die...

Action                   || total
-------------------------++-------
Melee: Dagger            ||    37
Throw: Stone             ||    11
 Stab: Sleeping          ||     1
Armor: Robe              ||    24
Dodge: Dodged            ||    33

Levels and vault maps discovered:
D:1:      elethiomel_arrival_infinity_welcomes_careful_drivers,
          layout_loops_cross, hellmonk_ecumenical_altar_crossroads,
          serial_shops, shop, shop_fountains, shop, nicolae_shop_behind_doors,
          nicolae_lakefront_shop, serial_park_tiny_1

Notes
Turn   | Place    | Note
-------+----------+-------------------------------------------
     0 | D:1      | mortz the Deep Elf Enchanter began the quest for the Orb.
     0 | D:1      | Reached XP level 1. HP: 10/10 MP: 6/6
     0 | D:1      | magus.rc [v1.9.6]
   256 | D:1      | Slain by a kobold

Vanquished Creatures
  2 bats (D:1)
  A hobgoblin (D:1)
3 creatures vanquished.

Table legend:
 A = Non-vault XP
 B = Vault XP
 C = Vault XP percentage of total XP
 D = Non-vault monster count
 E = Vault monster count
 F = Vault count percentage of total count
                 A         B        C        D         E       F
            +---------+---------+-------+---------+---------+-------
      Total |       5 |       0 |   0.0 |       3 |       0 |   0.0
            +---------+---------+-------+---------+---------+-------
        D:1 |       5 |       0 |   0.0 |       3 |       0 |   0.0
            +---------+---------+-------+---------+---------+-------

Illustrated notes

Table legend:
 A = Kills in this place as a percentage of kills in entire the game.
 B = Kills by you in this place as a percentage of kills by you in the entire game.
 C = Kills by friends in this place as a percentage of kills by friends in the entire game.
 D = Other kills in this place as a percentage of other kills in the entire game.
 E = Experience gained in this place as a percentage of experience gained in the entire game.
 F = Experience gained in this place divided by the number of levels of this place that you have seen.
                   A       B       C       D       E      F
               +-------+-------+-------+-------+-------+----------------------
         Total | 100.0 | 100.0 |   N/A |   N/A | 100.0 |   5.0
       Dungeon | 100.0 | 100.0 |   N/A |   N/A | 100.0 |   5.0
               +-------+-------+-------+-------+-------+----------------------

Table legend: (Time is in decaauts)
 A = Elapsed time spent in this place.
 B = Non-inter-level travel time spent in this place.
 C = Inter-level travel time spent in this place.
 D = Time resting spent in this place.
 E = Time spent auto-exploring this place.
 F = Levels seen in this place.
 G = Mean time per level.
                   A        B        C        D        E       F      G
               +--------+--------+--------+--------+--------+-----+--------+
         Total |    255 |    255 |      0 |     54 |    125 |   1 |  255.0 |
       Dungeon |    255 |    255 |      0 |     54 |    125 |   1 |  255.0 |
               +--------+--------+--------+--------+--------+-----+--------+

Top non-repeatable levels by time:
     D:1: 255 daAuts
